 Dungeon Sprint DCSS version 0.28-a0-863-g8cecda6153 (webtiles) character file.

Game seed: 10704877758597842562

1481 kae the Covert (level 8, -2/36 HPs)
             Began as a Spriggan Enchanter on Nov 18, 2021.
             Was a Follower of Dithmenos.
             Slain by a demonic crawler (10 damage)
             ... in the Dungeon (Sprint I: "Red Sonja").
             The game lasted 00:02:19 (1889 turns).

kae the Covert (Spriggan Enchanter)                 Turns: 1889, Time: 00:02:20

Health: -2/36      AC:  2    Str:  5    XL:     8   Next: 50%
Magic:  22/23      EV: 24    Int: 18    God:    Dithmenos [*.....]
Gold:   279        SH:  0    Dex: 15    Spells: 17/28 levels left

rFire   . . .      SeeInvis +   a - +1 dagger
rCold   . . .      Faith    .   (shield restricted)
rNeg    . . .      Spirit   .   b - +0 robe
rPois   .          Reflect  .   (helmet restricted)
rElec   .          Harm     .   (no cloak)
rCorr   .          Rampage  .   (gloves unavailable)
Will    +....      NoTele   +   (boots unavailable)
Stlth   +++++++...              (no amulet)
HPRegen 0.12/turn               (no ring)
MPRegen 0.18/turn               (no ring)

@: confusing by touch, wreathed by umbra, very quick
A: very small, no large weapons, unfitting armour, see invisible, speed 3
a: Renounce Religion


You were in the Dungeon.
You worshipped Dithmenos.
Dithmenos was aware of your devotion.
You visited 1 branch You collected 351 gold pieces.
You spent 72 gold pieces at shops.

Inventory:

Hand Weapons
 a - a +1 dagger (weapon)
Armour
 b - a +0 robe (worn)
Scrolls
 i - a scroll of blinking
Potions
 c - a potion of attraction
 d - a potion of curing
 e - a potion of heal wounds
 f - a potion of haste
 g - 2 potions of magic
 h - a potion of berserk rage
 k - a potion of cancellation
 l - a potion of might


   Skills:
 + Level 9.4 Short Blades
 + Level 11.5 Dodging
 + Level 13.8 Stealth
 + Level 10.6 Spellcasting
 + Level 10.9 Hexes


You had 17 spell levels left.
You knew the following spells:

 Your Spells              Type           Power      Damage    Failure   Level
a - Ensorcelled Hibernat  Hex/Ice        58%        N/A       1%          2
b - Confusing Touch       Hex            48%        N/A       1%          3
c - Tukima's Dance        Hex            48%        N/A       1%          3
d - Dazzling Flash        Conj/Hex       58%        N/A       2%          3

Your spell library contained the following spells:

 Spells                   Type           Power      Damage    Failure   Level
 Shock                    Conj/Air       36%        1d5       8%          1
 Corpse Rot               Necr/Air       18%        N/A       12%         2
 Poisonous Vapours        Pois/Air       18%        N/A       12%         2
 Swiftness                Air            9%         N/A       22%         3
 Airstrike                Air            4%         N/A       58%         4


Dungeon Overview and Level Annotations

Branches:
Dungeon (1/1)

Altars:
Cheibriados
Dithmenos
Elyvilon
Fedhas
Gozag
Hepliaklqana
Kikubaaqudgha
Makhleb
Nemelex Xobeh
Okawaru
Qazlal
Ru
Sif Muna
Trog
Uskayaw
Vehumet
Wu Jian
Xom
Yredelemnul
Zin
The Shining One
Jiyva
Lugonu

Shops:
D *


Innate Abilities, Weirdness & Mutations

You are very small and have problems with some larger weapons.
You are too small for most types of armour.
You have supernaturally acute eyesight. (SInv)
You cover ground extremely quickly. (Speed+++)


Message History

The demonic crawler misses you. The demonic crawler hits you!
Casting: Dazzling Flash (dangerous; 2% risk of failure)
Confirm with . or Enter, or press ? or * to list all spells.
Casting: Dazzling Flash (dangerous; 2% risk of failure)
Press: ? - help, Dir - look around, f - activate The demonic crawler misses you.
The demonic crawler barely misses you. The demonic crawler hits you!
* * * LOW HITPOINT WARNING * * *
The demonic crawler closely misses you. The demonic crawler barely misses you.
The demonic crawler completely misses you.
There is an open door, spattered with blood here.
You close the door.
You start resting.
Magic restored.
You start resting.
HP restored.
You open the door.
There is an open door, spattered with blood here.
Casting: Dazzling Flash (dangerous; 2% risk of failure)
Confirm with . or Enter, or press ? or * to list all spells.
Your hands begin to glow red.
Things that are here:
a +0 scythe; a +0 robe
There is an open door here.
The demonic crawler gives a hideous shriek!
There is a shimmering blue altar of Sif Muna here.
The demonic crawler completely misses you. x2
The demonic crawler hits you.
You hit the demonic crawler but do no damage.
You hit the demonic crawler but do no damage.
The demonic crawler completely misses you.
The demonic crawler hits you! The demonic crawler misses you.
You hit the demonic crawler but do no damage.
The demonic crawler completely misses you.
The demonic crawler hits you! x2
* * * LOW HITPOINT WARNING * * *
You hit the demonic crawler but do no damage.
The demonic crawler completely misses you.
The demonic crawler barely misses you. The demonic crawler hits you!
You die...

##########################
#<.#.)'..#.)'..#__#..'...#
#..'..#.)'..#..'..').#...#
#..#####+#####.#__####..sss.#
#..#### #...#.####§§#####..+
#..#__####..##@#≈≈≈§c ##
#..#_____##'#s.+§§≈§§
#⌠⌠#_.∩...'..._#§§≈.c#
####_..__##_.#'##+####
#_____###+#.# ####### ###


You could see a demonic crawler.

Vanquished Creatures
  A demonic crawler (D)
  2 kobold demonologists (D)
  A slime creature (D)
  Sigmund (D)
  A yak (D)
  A floating eye (D)
  An ogre (D)
  A jelly (D)
  Ijyb (D)
10 creatures vanquished.

Notes
Turn   | Place    | Note
-------+----------+-------------------------------------------
     0 | D        | kae the Spriggan Enchanter began the quest for the Orb.
     0 | D        | Reached XP level 1. HP: 9/9 MP: 5/5
     2 | D        | Noticed Ijyb
    21 | D        | Killed Ijyb
    22 | D        | Reached skill level 5 in Stealth
    22 | D        | Reached XP level 2. HP: 5/13 MP: 6/8
    22 | D        | Noticed an ogre
    24 | D        | Killed an ogre
    25 | D        | Reached skill level 7 in Stealth
    25 | D        | Reached skill level 5 in Spellcasting
    25 | D        | Reached XP level 3. HP: 6/16 MP: 7/11
    25 | D        | Reached XP level 4. HP: 8/21 MP: 7/12
    26 | D        | Noticed Sigmund
    29 | D        | Killed Sigmund
    30 | D        | Reached skill level 9 in Stealth
    30 | D        | Reached XP level 5. HP: 9/24 MP: 7/15
    30 | D        | Reached XP level 6. HP: 11/28 MP: 7/17
    41 | D        | Found a shimmering blue altar of Sif Muna.
    42 | D        | Found an ornate altar of the Wu Jian Council.
    43 | D        | Found a radiant altar of Vehumet.
    73 | D        | Learned a level 2 spell: Ensorcelled Hibernation
    77 | D        | Learned a level 3 spell: Confusing Touch
    80 | D        | Reached skill level 10 in Stealth
   302 | D        | Noticed a centaur warrior
   303 | D        | Noticed a centaur warrior
   320 | D        | Found Rucepe's Assorted Antiques.
   320 | D        | Found an ancient bone altar of Kikubaaqudgha.
   320 | D        | Found a hazy altar of Hepliaklqana.
   320 | D        | Found a hide-covered altar of Uskayaw.
   320 | D        | Found a basalt altar of Yredelemnul.
   320 | D        | Found an opulent altar of Gozag.
   320 | D        | Found a snail-covered altar of Cheibriados.
   320 | D        | Found a sacrificial altar of Ru.
   320 | D        | Found a shadowy altar of Dithmenos.
   320 | D        | Noticed a yak
   321 | D        | Found a stormy altar of Qazlal.
   321 | D        | Found a blossoming altar of Fedhas.
   321 | D        | Found a bloodstained altar of Trog.
   321 | D        | Found an iron altar of Okawaru.
   321 | D        | Found a glowing golden altar of the Shining One.
   321 | D        | Found a glowing silver altar of Zin.
   321 | D        | Found a white marble altar of Elyvilon.
   322 | D        | Killed a yak
   323 | D        | Reached skill level 11 in Stealth
   323 | D        | Found a sparkling altar of Nemelex Xobeh.
   327 | D        | Bought a scroll labelled OFUUM USOACKAY for 19 gold pieces
   327 | D        | Bought a fuming black potion for 17 gold pieces
   327 | D        | Bought a cyan potion for 17 gold pieces
   327 | D        | Bought a scroll labelled OFUUM USOACKAY for 19 gold pieces
   435 | D        | Became a worshipper of Dithmenos the Shadowed
   456 | D        | Found a viscous altar of Jiyva.
   456 | D        | Found a corrupted altar of Lugonu.
   456 | D        | Noticed a slime creature
   457 | D        | Found a burning altar of Makhleb.
   457 | D        | Found a shimmering altar of Xom.
   459 | D        | Killed a slime creature
   460 | D        | Reached XP level 7. HP: 32/32 MP: 20/20
   465 | D        | Learned a level 3 spell: Tukima's Dance
   469 | D        | Learned a level 3 spell: Dazzling Flash
   479 | D        | Noticed a kobold demonologist
   480 | D        | Paralysed by a floating eye for 3 turns
   483 | D        | Noticed a kobold demonologist
   498 | D        | Noticed a chaos spawn
   501 | D        | Killed a kobold demonologist
   502 | D        | Reached skill level 10 in Dodging
   502 | D        | Reached skill level 12 in Stealth
   505 | D        | Reached * piety under Dithmenos
   506 | D        | Reached skill level 10 in Hexes
   549 | D        | Noticed a hellwing
   550 | D        | Killed a kobold demonologist
   551 | D        | Reached skill level 13 in Stealth
   551 | D        | Reached skill level 10 in Spellcasting
   551 | D        | Reached XP level 8. HP: 33/36 MP: 7/23
   641 | D        | Noticed a demonic crawler
   641 | D        | Noticed a demonic crawler
   641 | D        | Noticed a demonic crawler
   641 | D        | Noticed a demonic crawler
   655 | D        | Killed a demonic crawler
  1889 | D        | Slain by a demonic crawler

Illustrated notes

Levels and vault maps discovered:
D:        dungeon_sprint_1 [red_sonja_temple_1, red_sonja_temple_small_1]

Skill      XL: |  1  2  3  4  5  6  7 |
---------------+----------------------+-----
Short Blades   | 2 4 6 7 9 |  9.4
Dodging        | 4 6 7 9 11 | 11.5
Stealth        | 5 7 9 11 13 | 13.8
Spellcasting   | 4 5 7 8 10 | 10.6
Hexes          | 4 6 7 9 10 | 10.9

Action                   |  1- 3 |  4- 6 |  7- 9 || total
-------------------------+-------+-------+-------++-------
Melee: Dagger            |    17 |     5 |    48 ||    70
 Cast: Ensorcelled Hiber |       |     2 |    10 ||    12
       Confusing Touch   |       |       |     7 ||     7
       Dazzling Flash    |       |       |     6 ||     6
  Use: Potion            |     1 |       |       ||     1
       Scroll            |       |     3 |       ||     3
 Stab: Invisible         |     4 |       |     1 ||     5
       Sleeping          |     1 |     4 |     2 ||     7
       Confused          |       |       |     4 ||     4
Armor: Robe              |       |       |     2 ||     2
Dodge: Dodged            |    11 |     3 |    87 ||   101

Table legend: (Time is in decaauts)
 A = Elapsed time spent in this place.
 B = Non-inter-level travel time spent in this place.
 C = Inter-level travel time spent in this place.
 D = Time resting spent in this place.
 E = Time spent auto-exploring this place.
 F = Levels seen in this place.
 G = Mean time per level.
                   A        B        C        D        E       F      G
               +--------+--------+--------+--------+--------+-----+--------+
         Total |   1796 |   1796 |      0 |   1290 |    277 |   1 | 1796.0 |
       Dungeon |   1796 |   1796 |      0 |   1290 |    277 |   1 | 1796.0 |
               +--------+--------+--------+--------+--------+-----+--------+

Top non-repeatable levels by time:
       D: 1796 daAuts
